Map: Acropolis LE

Players

pHARM - Winner!

  • Race: Zerg Zerg
  • League: Platinum
  • Spawn Location: 11:00

Ecnunn

  • Race: Protoss Protoss
  • League: Diamond
  • Spawn Location: 5:00

VOD

Have the link to the VOD?

Description

Time

  • Played on: Sept. 13, 2019, 11:44 p.m.
  • Length: 26:37
Show
View Real Time Build Order
Export as new Build Order

pHARM Zerg - Winner!

Build Orders: Hatch First 

Get SALT Encoding   

  12  0:02  Drone  
  13  0:24  Overlord  
  13  0:26  Drone  
  14  0:44  Hatchery  
  14  0:48  Drone  
  14  0:50  Drone  
  14  0:54  Drone  
  16  1:00  Drone  
  17  1:10  Drone  
  18  1:19  Spawning Pool  
  17  1:27  Drone  
  18  1:40  Extractor  
  18  1:43  Drone x2  
  19  2:12  Drone x4, Queen x2  
  19  2:14  Overlord  
  27  2:24  Drone  
  28  2:34  Drone x2  
  30  2:46  Drone x2  
  30  2:51  Pneumatized Carapace  
  32  2:53  Queen  
  32  2:54  Drone x2  
  32  2:58  Overlord  
  36  3:18  Drone x3  
  39  3:26  Metabolic Boost  
  39  3:40  Evolution Chamber  
  38  3:43  Baneling Nest  
  38  3:47  Drone  
  38  3:48  Drone x6  
  44  4:10  Extractor  
  44  4:11  Extractor, Lair  
  42  4:20  Overlord x3  
  42  4:37  Hatchery  
  41  4:43  Drone x8  
  41  4:45  Zergling x4  
  51  5:12  Zerg Melee Weapons Level 1  
  51  5:20  Centrifical Hooks  
  51  5:30  Hydralisk Den, Zergling x4  
  51  5:32  Overlord x4  
  52  5:49  Zergling x2  
  53  5:50  Zergling x14, Spine Crawler x2  
  58  5:58  Extractor  
  58  6:00  Muscular Augments  
  58  6:01  Hydralisk x3  
  63  6:05  Drone  
  64  6:13  Hydralisk x5  
  74  6:40  Drone x9  
  83  6:52  Drone x3  
  86  6:57  Drone  
  86  6:58  Drone x3  
  86  6:59  Overlord x3  
  90  7:11  Grooved Spines  
  90  7:17  Baneling x14  
  90  7:18  Baneling x6  
  90  7:20  Zergling x24  
  102  7:25  Drone  
  103  7:32  Zerg Melee Weapons Level 2  
  103  7:36  Drone x4  
  107  7:37  Extractor x2  
  91  8:19  Drone  
  92  8:20  Drone x19  
  99  8:37  Overlord x3  
  99  8:59  Extractor  
  99  9:00  Hatchery  
  97  9:03  Extractor  
  97  9:04  Spine Crawler  
  97  9:06  Spine Crawler  
  97  9:07  Spore Crawler  
  93  9:15  Spine Crawler  
  92  9:18  Spore Crawler  
  92  9:20  Spine Crawler  
  90  9:24  Infestation Pit  
  90  9:29  Spine Crawler  
  88  9:31  Spore Crawler  
  88  9:32  Spine Crawler  
  88  9:34  Hydralisk x9  
  104  9:58  Zerg Missile Weapons Level 1  
  104  10:01  Zergling x16  
  112  10:16  Hatchery  
  112  10:17  Drone  
  112  10:18  Drone x8  
  120  10:33  Hive  
  120  10:36  Hydralisk  
  120  10:37  Hydralisk x6  
  134  10:58  Drone  
  134  10:59  Drone  
  136  11:06  Overlord x10  
  136  11:11  Queen  
  138  11:30  Zergling x2  
  138  11:31  Zergling x22  
  150  11:40  Drone  
  150  11:43  Hatchery  
  150  11:44  Queen  
  152  11:51  Baneling  
  152  11:52  Baneling x25  
  152  11:53  Baneling x15  
  152  11:55  Zergling x22  
  152  11:56  Zergling x10  
  168  12:13  Hydralisk x4  
  168  12:14  Hydralisk x9  
  194  13:14  Overseer  
  179  13:31  Zergling x2  
  179  13:32  Zergling x38  
  199  13:42  Spire  
  199  13:44  Zerg Melee Weapons Level 3  
  199  13:45  Ultralisk Cavern  
  197  14:01  Adrenal Glands  
  163  14:55  Ultralisk x9  
  193  15:06  Ultralisk  
  197  15:07  Ultralisk x2  
  197  15:14  Corruptor x6  
  199  15:34  Chitinous Plating  
  142  15:52  Zergling x4  
  142  15:53  Zergling x44  
  142  15:54  Zergling x42  
  153  16:02  Zergling x6  
  153  16:03  Zergling x12  
  150  16:07  Hydralisk x6  
  146  16:22  Ultralisk x4  
  146  16:23  Ultralisk x3  
  146  16:37  Drone x18  
  146  16:38  Drone  
  164  16:50  Zerg Missile Weapons Level 2  
  164  16:51  Corruptor x9  
  164  16:53  Anabolic Synthesis  
  182  16:55  Zerg Flyer Armor Level 1  
  170  17:09  Extractor  
  170  17:10  Extractor  
  160  17:33  Extractor  
  157  17:45  Corruptor  
  157  17:46  Corruptor x11  
  151  18:31  Hydralisk x15  
  151  18:32  Hydralisk x5  
  191  18:48  Hatchery  
  190  19:16  Greater Spire  
  184  19:28  Hatchery  
  133  19:39  Zergling x12  
  133  19:40  Zergling x56  
  133  19:41  Zergling x14  
  162  19:51  Hydralisk x4  
  164  20:48  Brood Lord x13  
  175  21:23  Extractor  
  170  21:28  Extractor  
  127  22:20  Overlord  
  127  22:21  Overlord x13  
  116  22:41  Zergling x6  
  118  22:48  Lair  
  118  22:57  Ultralisk  
  118  22:58  Ultralisk x3  
  134  23:21  Ultralisk x2  
  131  24:09  Ultralisk x2  
  143  24:16  Spire  
  140  25:09  Zergling x2  
  140  25:10  Zergling x20  
  151  25:18  Ultralisk  
  151  25:19  Ultralisk x2  
  135  25:51  Zergling x12  
Show
View Real Time Build Order
Export as new Build Order

Ecnunn Protoss 

Build Orders: Archon Immortal 

Get SALT Encoding   

  12  0:01  Probe (Chrono Boost)  
  13  0:11  Probe (Chrono Boost)  
  14  0:20  Pylon  
  14  0:21  Probe  
  15  0:38  Gateway  
  15  0:39  Probe  
  16  0:47  Assimilator  
  16  0:51  Probe  
  17  0:59  Assimilator  
  17  1:03  Probe (Chrono Boost)  
  18  1:15  Probe (Chrono Boost)  
  18  1:16  Gateway  
  19  1:20  Probe (Chrono Boost)  
  19  1:29  Probe  
  19  1:31  Cybernetics Core  
  20  1:41  Probe  
  21  1:53  Probe  
  22  1:58  Pylon  
  22  2:09  Warp Gate  
  23  2:15  Stalker  
  23  2:16  Sentry  
  23  2:21  Probe  
  27  2:25  Pylon  
  27  2:34  Pylon  
  27  2:42  Stalker  
  29  2:45  Stalker  
  31  3:00  Robotics Facility  
  31  3:11  Nexus  
  31  3:21  Probe  
  32  3:33  Probe (Chrono Boost)  
  33  3:40  Shield Battery  
  33  3:41  Stalker  
  33  3:44  Probe (Chrono Boost)  
  36  3:48  Probe (Chrono Boost)  
  36  3:53  Immortal  
  41  3:59  Probe (Chrono Boost)  
  42  4:08  Probe (Chrono Boost)  
  43  4:11  Pylon  
  43  4:25  Probe  
  43  4:27  Probe  
  45  4:33  Observer  
  45  4:38  Forge, Probe (Chrono Boost)  
  47  4:39  Probe (Chrono Boost)  
  48  4:49  Probe (Chrono Boost)  
  48  4:50  Probe (Chrono Boost)  
  50  4:54  Immortal, Probe (Chrono Boost)  
  50  4:55  Probe (Chrono Boost)  
  56  5:06  Gateway  
  56  5:07  Probe  
  56  5:08  Probe  
  56  5:12  Gateway  
  58  5:15  Protoss Ground Weapons Level 1 (Chrono Boost)  
  58  5:18  Stalker  
  58  5:21  Stalker  
  62  5:24  Assimilator  
  62  5:26  Assimilator  
  62  5:30  Twilight Council  
  62  5:33  Probe  
  62  5:34  Probe  
  64  5:43  Immortal  
  68  5:55  Probe x2  
  70  6:03  Pylon x2  
  70  6:21  Pylon, Probe x2, Nexus  
  70  6:25  Immortal  
  76  6:34  Templar Archives, Sentry  
  76  6:35  Sentry  
  76  6:37  Zealot  
  76  6:38  Charge (Chrono Boost)  
  82  6:49  Forge  
  82  7:02  Robotics Bay  
  82  7:08  Probe x2  
  83  7:10  Robotics Facility  
  83  7:12  Immortal  
  88  7:20  Probe x2  
  90  7:25  Protoss Ground Armor Level 1 (Chrono Boost)  
  90  7:27  Pylon  
  90  7:28  Shield Battery  
  90  7:29  Pylon, Protoss Ground Weapons Level 2 (Chrono Boost)  
  90  7:30  Shield Battery  
  90  7:42  Probe (Chrono Boost)  
  90  7:43  Probe x2 (Chrono Boost)  
  93  7:54  Probe (Chrono Boost)  
  93  7:56  Probe x2 (Chrono Boost)  
  96  7:58  Probe (Chrono Boost)  
  96  8:01  Colossus  
  96  8:04  Probe x2  
  105  8:12  Zealot x2  
  78  8:13  Zealot x2  
  66  8:22  Colossus  
  62  8:33  High Templar  
  62  8:35  High Templar  
  62  8:39  Adept  
  62  8:41  Adept  
  68  8:42  Archon  
  68  8:58  Nexus  
  68  9:01  Pylon  
  68  9:05  Pylon  
  68  9:09  High Templar x2  
  72  9:17  Archon  
  72  9:19  Immortal  
  76  9:24  Assimilator  
  76  9:26  Assimilator  
  76  9:28  Adept  
  76  9:30  Adept  
  80  9:56  Immortal  
  80  9:59  Probe x2  
  86  10:01  Shield Battery  
  86  10:02  Shield Battery  
  86  10:08  High Templar  
  86  10:09  High Templar x2  
  86  10:12  Probe (Chrono Boost)  
  86  10:13  Archon  
  93  10:17  Probe x2 (Chrono Boost)  
  93  10:18  Protoss Shields Level 1 (Chrono Boost)  
  95  10:24  Probe (Chrono Boost)  
  95  10:27  Probe (Chrono Boost)  
  97  10:31  Probe (Chrono Boost)  
  97  10:32  Probe (Chrono Boost)  
  97  10:33  Protoss Ground Weapons Level 3 (Chrono Boost), Probe  
  100  10:42  Probe  
  101  10:43  Probe  
  101  10:45  Probe  
  101  10:49  Psionic Storm  
  103  10:55  Extended Thermal Lance  
  103  11:03  Immortal  
  107  11:23  Zealot  
  107  11:24  Zealot  
  111  11:26  High Templar, Nexus  
  111  11:27  Pylon, High Templar  
  111  11:30  Archon  
  115  11:45  Pylon  
  115  11:49  Shield Battery  
  115  11:50  Shield Battery  
  115  11:52  Photon Cannon  
  115  11:53  High Templar x2  
  119  11:54  Photon Cannon  
  119  11:57  Archon  
  119  11:59  Immortal  
  123  12:03  Immortal  
  123  12:05  Probe  
  123  12:06  Probe  
  123  12:08  Probe  
  130  12:10  Protoss Shields Level 2 (Chrono Boost)  
  130  12:12  Assimilator  
  133  12:30  Probe (Chrono Boost)  
  133  12:33  Probe x2 (Chrono Boost)  
  133  12:34  Pylon  
  133  12:36  Pylon  
  133  12:41  Pylon, Probe (Chrono Boost)  
  136  12:45  Probe x2 (Chrono Boost), High Templar x4  
  136  12:49  Archon x2  
  136  12:50  Immortal  
  148  12:55  Immortal  
  148  12:58  Probe (Chrono Boost)  
  154  12:59  Probe (Chrono Boost)  
  154  13:00  Probe x2 (Chrono Boost)  
  156  13:09  Probe x3 (Chrono Boost)  
  156  13:10  Probe (Chrono Boost)  
  160  13:12  Assimilator  
  160  13:13  Probe x2 (Chrono Boost)  
  160  13:14  Probe x2 (Chrono Boost)  
  160  13:28  Pylon  
  160  13:31  Gateway, Pylon x2  
  160  13:35  Gateway  
  160  13:36  Gateway  
  160  13:37  Gateway  
  160  13:42  High Templar x4  
  160  13:46  Archon  
  160  13:47  Archon  
  168  13:49  Immortal x2, Protoss Ground Armor Level 2 (Chrono Boost)  
  176  13:57  Blink  
  176  14:07  Photon Cannon  
  176  14:08  Shield Battery  
  176  14:09  Photon Cannon  
  176  14:10  Photon Cannon  
  176  14:28  Zealot x2  
  176  14:29  Zealot x3  
  176  14:30  Nexus  
  186  14:32  Pylon  
  166  14:53  Probe x4  
  170  15:05  Probe x3  
  170  15:06  Probe  
  166  15:17  Probe x3  
  166  15:18  Probe  
  170  15:27  Colossus  
  170  15:28  Immortal  
  180  15:29  Probe x2  
  182  15:36  Pylon  
  182  15:37  Pylon  
  182  15:40  Shield Battery  
  182  15:41  Shield Battery, High Templar  
  182  15:42  High Templar x4  
  189  15:48  Gateway  
  189  15:49  Gateway, Archon  
  171  15:50  Archon  
  155  16:07  Immortal  
  155  16:21  Immortal  
  139  16:27  Shield Battery  
  139  16:29  Shield Battery  
  139  16:30  Photon Cannon  
  111  16:33  Photon Cannon  
  111  16:34  High Templar x3  
  111  16:35  High Templar x2  
  111  16:36  Photon Cannon  
  111  16:39  Photon Cannon  
  113  16:46  Immortal  
  117  16:48  Gateway  
  117  16:50  Archon  
  117  16:51  Archon  
  117  16:52  Gateway  
  117  16:54  Zealot x2  
  121  16:56  Gateway, Assimilator  
  121  16:57  Assimilator  
  121  17:00  Immortal  
  123  17:10  High Templar x5  
  123  17:14  Archon x2  
  133  17:22  Gateway  
  133  17:26  Immortal, Gateway  
  137  17:35  Nexus  
  137  17:37  Pylon  
  137  17:40  Immortal, Pylon  
  141  17:44  Pylon  
  141  17:52  Robotics Facility  
  141  17:53  Robotics Facility  
  141  17:54  Robotics Facility  
  134  18:05  Immortal  
  133  18:06  Protoss Shields Level 3  
  133  18:09  High Templar x3  
  139  18:13  Archon  
  139  18:15  Zealot x2  
  139  18:16  Zealot  
  139  18:19  Immortal  
  149  18:23  Assimilator  
  149  18:25  Assimilator  
  149  18:28  Shield Battery x2  
  149  18:29  Shield Battery, Photon Cannon x2  
  149  18:31  Photon Cannon x2  
  149  18:36  Probe x4  
  153  18:51  Pylon  
  153  18:54  Shield Battery x2  
  153  18:56  Shield Battery  
  153  18:59  High Templar x6  
  165  19:03  Archon x3  
  165  19:21  Shield Battery  
  165  19:22  Immortal x2, Shield Battery  
  165  19:23  Immortal x3, Photon Cannon x2  
  165  19:24  Photon Cannon  
  173  19:25  Shield Battery  
  173  19:28  High Templar  
  173  19:30  Photon Cannon  
  169  19:36  Zealot x5  
  155  19:55  Probe (Chrono Boost)  
  155  19:56  Probe x3 (Chrono Boost)  
  156  20:05  Probe (Chrono Boost)  
  160  20:09  Immortal, Probe x3 (Chrono Boost)  
  160  20:12  High Templar, Probe (Chrono Boost)  
  160  20:13  High Templar x4  
  175  20:16  Probe x3  
  175  20:17  Archon x2  
  178  20:28  Probe x3  
  178  20:30  Archon  
  178  20:31  Archon  
  181  20:37  Zealot  
  181  20:40  Immortal  
  181  20:41  Immortal  
  191  20:55  Gateway  
  191  20:58  Gateway  
  191  21:01  Nexus  
  195  21:25  Immortal  
  195  21:26  Immortal  
  199  21:38  Colossus  
  200  21:46  High Templar x2  
  199  21:51  Archon  
  198  21:55  Pylon x2  
  198  21:57  Pylon  
  198  21:59  Pylon  
  198  22:01  Pylon  
  185  22:13  High Templar  
  185  22:14  High Templar x4  
  183  22:18  Archon x2  
  123  22:56  Stalker  
  123  22:57  Stalker x6  
  133  23:04  Shield Battery  
  129  23:07  Shield Battery  
  129  23:09  Shield Battery  
  129  23:11  Shield Battery  
  129  23:14  Photon Cannon, Probe  
  129  23:15  Probe x4  
  129  23:18  Photon Cannon  
  134  23:23  Photon Cannon  
  134  23:27  Probe x2  
  135  23:29  Assimilator  
  135  23:35  Assimilator, Stalker x5  
  135  23:36  Stalker x2  
  119  24:08  Stalker x3  
  119  24:09  Stalker x3  
  120  24:17  Immortal x2 (Chrono Boost)  
  118  24:27  Immortal x2 (Chrono Boost)  
  118  24:33  High Templar x5  
  118  24:37  Archon x2  
  127  25:08  Stalker x3  
  127  25:09  Stalker x2  
  137  25:16  Probe x3  
  137  25:17  Probe  
  52  26:00  High Templar x2  
  52  26:01  Stalker  
  52  26:02  Stalker x2  
  46  26:04  Archon  
  48  26:30  Nexus  
Tags
 
Composition
Archon Immortal
Matchup
PvZ
Replay Pack
10.7.19
Spawn Locations
Cross Positions
Add a new tag
Caveats
  • Supply blocks, unpowered buildings, or Contaminate may cause inaccurate times.
  • Supply counts are checked every 10 seconds.